 Dungeon Crawl Stone Soup version 0.27-a0-1071-ga85bd9520d (webtiles) character file.

Game seed: 8890704539626377801

125 Grognak the Chopper (level 5, 0/46 HPs)
             Began as a Hill Orc Fighter on Apr 25, 2021.
             Slain by a bat (1 damage)
             ... on level 3 of the Dungeon.
             The game lasted 00:03:07 (2060 turns).

Grognak the Chopper (Hill Orc Fighter)              Turns: 2060, Time: 00:03:07

Health: 0/46       AC:  9    Str: 21    XL:     5   Next: 9%
Magic:  5/5        EV:  8    Int:  8    God:
Gold:   72         SH:  9    Dex: 13    Spells: 4/4 levels left

rFire    . . .     SeeInvis .   a - +0 war axe
rCold    . . .     Faith    .   c - +0 kite shield
rNeg     + . .     Spirit   .   b - +0 scale mail
rPois    .         Reflect  .   (no helmet)
rElec    .         Harm     .   (no cloak)
rCorr    .         Rampage  .   (no gloves)
Will     .....     Clarity  +   (no boots)
Stlth    ..........             (no amulet)
HPRegen  0.15/turn              k - ring of positive energy
MPRegen  0.09/turn              (no ring)

@: attractive
A: iridescent scales 1, agile 1, clarity, strong 1
a: no special abilities


You were on level 3 of the Dungeon.
You visited 1 branch of the dungeon, and saw 3 of its levels.

You collected 72 gold pieces.

Inventory:

Hand Weapons
 a - a +0 war axe (weapon)
Armour
 b - a +0 scale mail (worn)
 c - a +0 kite shield (worn)
Jewellery
 k - a ring of positive energy (left hand)
Wands
 g - a wand of iceblast (4)
Scrolls
 i - a scroll of teleportation
Potions
 d - 3 potions of might
 e - 2 potions of invisibility
 f - a potion of mutation
 j - a potion of lignification {unknown}
 l - a potion of berserk rage {unknown}


   Skills:
 * Level 4.2 Fighting
 * Level 4.4 Axes
 * Level 4.1 Armour
 * Level 1.0 Dodging
 * Level 3.9 Shields


You had 4 spell levels left.
You didn't know any spells.
Your spell library contained the following spells:

 Spells                   Type           Power      Damage    Failure   Level
 Animate Skeleton         Necr           0%         N/A       99%         1
 Apportation              Tloc           0%         N/A       99%         1
 Corona                   Hex            0%         N/A       99%         1
 Summon Small Mammal      Summ           0%         N/A       99%         1


Dungeon Overview and Level Annotations

Branches:
Dungeon (3/15)

Altars:
Ashenzari
Fedhas
Wu Jian

Annotations:
D:3 2 transporters, math4jedi's ghost, amateur MiMo


Innate Abilities, Weirdness & Mutations

You are partially covered in iridescent scales. (AC +2)
You are agile. (Dex +2)
You possess an exceptional clarity of mind.
Your muscles are strong. (Str +2)


Message History

The fungus begins to die.
You hear some strange, mumbled words.
You are confused.
The bat hits the fungus.
You bump into the rock wall.
Something hits you.
* * * LOW HITPOINT WARNING * * *
Unknown command.
You bump into the translucent stone wall.
Something hits you but does no damage.
You bump into the rock wall.
You barely miss something. Something hits you.
* * * LOW HITPOINT WARNING * * *
The orc hits you but does no damage.
You bump into the rock wall.
Something hits you but does no damage. The orc hits you but does no damage.
You barely miss something.
Your scale mail prevents you from hitting the bat.
You hit the orc.
You feel less confused. You block the bat's attack.
The bat hits you but does no damage. Something hits you.
* * * LOW HITPOINT WARNING * * *
The orc hits you with a +0 club.
* * * LOW HITPOINT WARNING * * *
Something hits you.
* * * LOW HITPOINT WARNING * * *
You closely miss something. You barely miss the orc.
You block the bat's attack. You block the orc's attack.
Something hits you but does no damage. The orc barely misses you.
It was a potion of mutation.
You feel extremely strange.
You feel agile.
Your thoughts seem clearer.
Iridescent scales grow over part of your body.
You feel stronger. The bat closely misses you.
The bat hits you but does no damage. Something hits you but does no damage.
The orc hits you with a +0 club.
* * * LOW HITPOINT WARNING * * *
It was a potion of attraction.
You feel attractive to monsters. You block the bat's attack. The bat hits you.
You die...

.....##.....
#..#8..#.#..8#.##..
#.[#..#...#..#.####
.
#..#$........#..##
#.
..©#$...©....#©..##
#P.
...#$.....)..#.....
#b._
#.#WY#...#..#.####


#PPP. #b#8r.#.#..8#.# #.PP..##@##s......##.## #.)o..#########...#
####)....††.....### #........##### #........# #........# ########## You could
see an ice beast, a scorpion, math4jedi's ghost, an orc, a quokka and a bat.

Vanquished Creatures
  2 orc wizards (D:3)
  4 adders
  3 worms
  A dart slug (D:1)
  An orc (D:3)
  5 endoplasms
  A giant cockroach (D:2)
  8 goblins
  2 hobgoblins (D:1)
  4 kobolds
  3 ball pythons
  5 bats
  3 frilled lizards
  8 rats
50 creatures vanquished.

Vanquished Creatures (others)
  6 fungi (D:3)
  2 plants (D:3)
8 creatures vanquished.

Grand Total: 58 creatures vanquished

Notes
Turn   | Place    | Note
-------+----------+-------------------------------------------
     0 | D:1      | Grognak the Hill Orc Fighter began the quest for the Orb.
     0 | D:1      | Reached XP level 1. HP: 19/19 MP: 1/1
   159 | D:1      | Reached XP level 2. HP: 27/27 MP: 2/2
   837 | D:2      | Reached XP level 3. HP: 14/33 MP: 3/3
  1723 | D:3      | Found a broken altar of Ashenzari.
  1809 | D:3      | Reached XP level 4. HP: 40/40 MP: 4/4
  1848 | D:3      | Reached skill level 1 in Dodging
  1896 | D:3      | Found an ornate altar of the Wu Jian Council.
  1965 | D:3      | Noticed math4jedi's ghost (amateur MiMo)
  1976 | D:3      | Found a transporter.
  1979 | D:3      | Noticed a scorpion
  1985 | D:3      | Noticed an ice beast
  1991 | D:3      | Found a transporter.
  2007 | D:3      | Found a blossoming altar of Fedhas.
  2047 | D:3      | Reached XP level 5. HP: 23/46 MP: 5/5
  2059 | D:3      | Gained mutation: You are agile. (Dex +2) [potion of
                  | mutation]
  2059 | D:3      | Gained mutation: You possess an exceptional clarity of
                  | mind. [potion of mutation]
  2059 | D:3      | Gained mutation: You are partially covered in iridescent
                  | scales. (AC +2) [potion of mutation]
  2059 | D:3      | Gained mutation: Your muscles are strong. (Str +2) [potion
                  | of mutation]
  2059 | D:3      | HP: 1/46 [orc/+0 club (3)]
  2060 | D:3      | Slain by a bat

Illustrated notes

Levels and vault maps discovered:
D:1:      amcnicky_arrival_flooded_fountain, layout_basic
D:2:      layout_loops_ring, serial_bayou_pond_a
D:3:      layout_rooms, evilmike_ruin_ashenzari, nzn_wu_jian_contemplation,
          fedhas_altar_3, gammafunk_ghost_arena

Skill      XL: |  1  2  3  4 |
---------------+-------------+-----
Axes           | 3 4 |  4.4
Fighting       | 4 |  4.2
Armour         | 4 |  4.1
Dodging        | 1 |  1.0
Shields        | |  3.9

Action                   |  1- 3 |  4- 6 || total
-------------------------+-------+-------++-------
Melee: War axe           |    98 |    49 ||   147
  Use: Scroll            |     4 |       ||     4
       Potion            |       |     2 ||     2
Armor: Scale mail        |    47 |    27 ||    74
Dodge: Dodged            |    36 |    11 ||    47
Block: Kite shield       |    64 |    29 ||    93

Table legend: (Time is in decaauts)
 A = Elapsed time spent in this place.
 B = Non-inter-level travel time spent in this place.
 C = Inter-level travel time spent in this place.
 D = Time resting spent in this place.
 E = Time spent auto-exploring this place.
 F = Levels seen in this place.
 G = Mean time per level.
                   A        B        C        D        E       F      G
               +--------+--------+--------+--------+--------+-----+--------+
         Total |   2141 |   2138 |      3 |      0 |   1648 |   3 |  713.7 |
       Dungeon |   2141 |   2138 |      3 |      0 |   1648 |   3 |  713.7 |
               +--------+--------+--------+--------+--------+-----+--------+

Top non-repeatable levels by time:
     D:2: 936 daAuts
     D:1: 813 daAuts
     D:3: 391 daAuts
